 Dungeon Crawl Stone Soup version 0.30.0-29-ga12c61a403 (webtiles) character file.

Game seed: 15263902931277461924

98 Descartes the Magician (level 5, 0/37 HPs)
             Began as a Formicid Wanderer on June 20, 2023.
             Slain by a goblin
             ... wielding a +0 dagger
             ... led by Robin
              (5 damage)
             ... on level 2 of the Dungeon.
             The game lasted 00:03:25 (1482 turns).

Descartes the Magician (Formicid Wanderer)          Turns: 1482, Time: 00:03:25

Health: 0/37       AC:  8    Str: 17    XL:     5   Next: 1%
Magic:  10/10      EV:  9    Int: 12    God:
Gold:   39         SH:  0    Dex: 14    Spells: 10/11 levels left

rFire   . . .        a - +3 spear
rCold   . . .        (no shield)
rNeg    . . .        h - +0 scale mail
rPois   .            (helmet unavailable)
rElec   .            (no cloak)
rCorr   .            (no gloves)
SInv    +            (no boots)
Will    .....        (no amulet) Stlth
                     (no ring)
HPRegen 0.26/turn    (no ring)
MPRegen 0.12/turn

%: no passive effects
@: no status effects
A: permanent stasis, dig shafts and tunnels, antennae 3, four strong arms,
iridescent scales 1, MP-powered wands
a: Dig, Shaft Self


You were on level 2 of the Dungeon.
You visited 1 branch of the dungeon, and saw 2 of its levels.

You collected 39 gold pieces.

Inventory:

Hand Weapons
 a - a +3 spear (weapon)
 f - a +1 flail of protection
 n - a +2 dagger of flaming
Missiles
 d - 5 curare-tipped darts
 e - 8 poisoned darts
 i - a throwing net
Armour
 h - a +0 scale mail (worn)
Jewellery
 c - a ring of flight
Scrolls
 j - a scroll of amnesia {unknown}
 k - a scroll of vulnerability {unknown}
 l - a scroll of torment {unknown}
Potions
 b - 2 potions of brilliance
 g - a potion of berserk rage
 m - a potion of attraction {unknown}
 o - a potion of curing {unknown}


   Skills:
 - Level 1.1 Fighting
 + Level 3.3 Polearms
 + Level 2.0 Armour
 + Level 1.8 Shields
 + Level 3.6 Spellcasting
 + Level 1.0 Translocations
 + Level 2.4 Earth Magic
 + Level 2.0 Evocations


You had 10 spell levels left.
You knew the following spells:

 Your Spells              Type           Power      Damage    Failure   Level
a - Sandblast             Erth           16%        2d6       28%         1

Your spell library contained the following spells:

 Spells                   Type           Power      Damage    Failure   Level
 Stone Arrow              Conj/Erth      10%        3d7       82%         3


Dungeon Overview and Level Annotations

Branches:
Dungeon (2/15)

Altars:

Annotations:
D:2 Robin


Innate Abilities, Weirdness & Mutations

You cannot be hasted, slowed, berserked, paralysed or teleported.
You can dig through walls and to a lower floor.
You have a pair of large antennae on your head. (SInv)
Your four strong arms can wield two-handed weapons with a shield.
You are partially covered in iridescent scales. (AC +2)
You expend magic power (3 MP) to strengthen your wands.


Message History

The hobgoblin goes into a battle-frenzy!
Things that are here:
a +0 dagger; a +0 club The goblin attacks as you move away!
The goblin hits you but does no damage. The goblin attacks as you move away!
The goblin hits you with a +0 dagger. Robin throws the goblin at you!
The goblin hits you with a +0 club.
* * * LOW HITPOINT WARNING * * *
Unknown command.
The goblin no longer looks unusually strong.
Robin throws the goblin at you!
* * * LOW HITPOINT WARNING * * *
The goblin hits you but does no damage.
Unknown command.
You miss the goblin. The goblin hits you but does no damage.
The goblin hits you with a +0 dagger.
* * * LOW HITPOINT WARNING * * *
The goblin completely misses you.
It was a potion of berserk rage.
Your stasis prevents you from going berserk.
The goblin hits you with a +0 dagger.
* * * LOW HITPOINT WARNING * * *
The goblin hits you but does no damage. x2
Unknown command.
You barely miss the goblin.
The hobgoblin no longer looks unusually strong.
The goblin no longer looks unusually strong.
You closely miss the goblin.
The goblin no longer looks unusually strong.
Robin roars a battlecry!
The goblins go into a battle-frenzy!
The goblin hits you but does no damage. The goblin closely misses you. x2
Unknown command.
You hit the goblin but do no damage. The goblin hits you with a +0 club.
* * * LOW HITPOINT WARNING * * *
The goblin hits you but does no damage. x2
Unknown command.
You hit the goblin.
You kill the goblin!
The goblin hits you with a +0 dagger.
You die...

..# ..# ..## ### ...#
...##.... ....#
............###### ##....#
........#......)@####.......
...............#gggg.†......
................gg#g........
................###.###!...?
.......)........###.# ....
#.......(.......#...#### ##
#......................#######
##.............#######.......#
###...........# ###.....#


You could see Robin, 2 hobgoblins and 4 goblins.

Vanquished Creatures
  Terence (D:1)
  3 adders (D:2)
  A dart slug (D:2)
  7 bats
  A giant cockroach (D:2)
  8 goblins
  7 hobgoblins
  4 kobolds
  3 quokkas (D:1)
  6 ball pythons
  4 rats
45 creatures vanquished.

Notes
Turn   | Place    | Note
-------+----------+-------------------------------------------
     0 | D:1      | Descartes the Formicid Wanderer began the quest for the
                  | Orb.
     0 | D:1      | Descartes set off with the following items: a +3 spear, a
                  | potion of brilliance, a +0 leather armour; and the
                  | following spell memorised: Sandblast; and the following
                  | spells available to memorise: Stone Arrow.
     0 | D:1      | Reached XP level 1. HP: 15/15 MP: 4/4
   136 | D:1      | Reached XP level 2. HP: 21/21 MP: 6/6
   379 | D:1      | Found a faded altar of an unknown god.
   447 | D:1      | Reached skill level 1 in Shields
   703 | D:1      | Reached XP level 3. HP: 26/26 MP: 7/7
  1043 | D:2      | Noticed Terence
  1069 | D:1      | Gained mutation: You expend magic power (3 MP) to
                  | strengthen your wands. [potion of mutation]
  1069 | D:1      | Gained mutation: You are partially covered in iridescent
                  | scales. (AC +2) [potion of mutation]
  1074 | D:1      | Killed Terence
  1075 | D:1      | Reached XP level 4. HP: 7/32 MP: 7/9
  1458 | D:2      | Noticed Robin
  1467 | D:2      | Reached skill level 1 in Translocations
  1471 | D:2      | Reached XP level 5. HP: 22/37 MP: 10/10
  1482 | D:2      | Slain by a goblin

Illustrated notes

Levels and vault maps discovered:
D:1:      kennysheep_arrival_seaside, layout_loops_corners,
          ebering_ecumenical_altar_webs, serial_forest,
          infiniplex_forest_lined_4_way, infiniplex_forest_clump_cross,
          infiniplex_forest_lined_3, infiniplex_forest_lined_2,
          infiniplex_forest_corner_2, infiniplex_forest_fountain,
          infiniplex_forest_corner_1, infiniplex_forest_clump_curved
D:2:      layout_rooms, minmay_distorted, uniq_robin, uniq_terence

Skill      XL: |  1  2  3  4 |
---------------+-------------+-----
Shields        | 1 |  1.8
Earth Magic    | 2 |  2.4
Armour         | 2 |  2.0
Evocations     | 2 |  2.0
Translocations | 1 |  1.0
Fighting       | |  1.1
Polearms       | |  3.3
Spellcasting   | |  3.6

Action                     |  1- 3 |  4- 6 || total
---------------------------+-------+-------++-------
  Melee: Spear             |    78 |    62 ||   140
         Punch             |     1 |       ||     1
    Use: Potion            |     3 |     1 ||     4
   Stab: Sleeping          |     1 |       ||     1
 Armour: Ring mail         |    17 |       ||    17
         Leather armour    |     1 |       ||     1
         Scale mail        |       |    51 ||    51
  Dodge: Dodged            |    48 |    44 ||    92
